cohdb
Replays
Latest Replays
All Replays
Popular Replays
Top Player Replays
Match Explorer
How It Works
Community
CoH3 Stats
Reddit
Sign in to upload your games and track your stats! →
Sign in with Steam
Match 44645167
Unlisted
Match 44645167
Overview
Messages
Build Orders
End
Construct Infanterie Kompanie
Selects Breakthrough Battlegroup
Grenadier Squad
Grenadier Squad
Selects Assault Grenadiers
Grenadier Squad
Construct Panzergrenadier Kompanie
Selects Rapid Production
251 Medium Carrier
MG 42 Machine Gun Team
Pak 40 Anti-tank Gun Team
Support Elements
Medical Station
Nebelwerfer 42 Rocket Launcher Team
Selects Blitzkrieg
Nebelwerfer 42 Rocket Launcher Team
Pak 40 Anti-tank Gun Team
Construct Panzer Kompanie
Panzer IV Medium Tank
Stoßtruppen Squad
Selects Tiger Heavy Tank
Stoßtruppen Squad
Pioneer Squad
Tiger Heavy Tank
Granger
ASTRAL-MUSCHEL
Cicero_540
dan legend
[EL] Brother Captain Specmarine
Ulysses
0
0
Comments
sign in to comment!
No comments posted yet!